 Dungeon Crawl Stone Soup version 0.17-a0-427-ga655056 (webtiles) character file.

25 Medar the Vexing (level 2, -3/19 HPs)
             Began as a Mummy Enchanter on Apr 3, 2015.
             Slain by a goblin
             ... wielding a +0 hand axe
              (6 damage)
             ... on level 1 of the Dungeon.
             The game lasted 00:03:57 (1383 turns).

Medar the Vexing (Mummy Enchanter)                  Turns: 1383, Time: 00:03:57

Health: -3/19      AC:  3    Str: 11    XL:     2   Next: 86%
Magic:  0/4        EV: 12    Int: 14    God:
Gold:   0          SH:  0    Dex: 12    Spells: 2 memorised, 2 levels left

rFire  x . .     SeeInvis .     a - +1 dagger
rCold  + . .     Clarity  .     b - +1 robe
rNeg   + + +     SustAb   .     (no shield)
rPois  ∞         Gourm    .     (no helmet)
rElec  .         Spirit   .     (no cloak)
rCorr  .         Warding  .     (no gloves)
rMut   .         Stasis   .     (no boots)
MR     .....                    (no amulet)
Stlth  ++........               (no ring)
                                (no ring)

@: very slightly contaminated, not resistant to hostile enchantments, unstealthy
A: no food or potions, fire vulnerability, cold resistance 1, negative energy
resistance 3, torment resistance, unbreathing
a: no special abilities


You were on level 1 of the Dungeon.
You were not hungry.

You visited 1 branch of the dungeon, and saw 1 of its levels.

Inventory:

Hand weapons
 a - a +1 dagger (weapon)
Armour
 b - a +1 robe (worn)
Scrolls
 d - a scroll of identify {unknown}
Books
 c - a book of Maledictions

   Spells                             Type                      Level
   a - Corona                         Hexes                        1
   b - Ensorcelled Hibernation        Hexes/Ice                    2
   c - Confuse                        Hexes                        3
   d - Dazzling Spray                 Conjuration/Hexes            3
   e - Enslavement                    Hexes                        4


   Skills:
 - Level 0.7 Short Blades
 - Level 1.5 Dodging
 - Level 2.4 Stealth
 - Level 2.0 Spellcasting
 - Level 3.4 Hexes
 + Level 1.0 Ice Magic


You had 2 spell levels left.
You knew the following spells:

 Your Spells              Type           Power        Failure   Level  Hunger
d - Ensorcelled Hibernat  Hex/Ice        #.....       17%         2    N/A
s - Corona                Hex            ##.....      10%         1    N/A

Dungeon Overview and Level Annotations

Branches:
Dungeon (1/15)

Altars:


Innate Abilities, Weirdness & Mutations

You do not eat or drink.
Your flesh is vulnerable to fire.
You are immune to poison.
Your flesh is cold resistant.
You are immune to negative energy.
You are immune to unholy pain and torment.
You can survive without breathing.


Message History

The goblin throws a stone.
The stone hits you.
You see here a stone.
The goblin throws a stone.
The stone hits you.
You see here a stone.
The goblin throws a stone.
The stone barely misses you.
You see here 2 stones.
The goblin throws a stone.
The stone hits you.
You see here 2 stones.
Casting: Ensorcelled Hibernation
Confirm with . or Enter, or press ? or * to list all spells.
Aiming: Corona
Press: ? - help, Shift-Dir - straight line, f/p - goblin
Aim: a goblin, wielding a hand axe and wearing a leather armour (chance 64%)
The goblin is outlined in light.
The goblin throws a stone.
The stone hits you but does no damage. The goblin hits you with a hand axe.
* * * LOW HITPOINT WARNING * * *
You see here a stone.
You barely miss the goblin. The goblin hits you with a hand axe.
You die...

#.########.#
........##.#
..#####..... .## #.# .#
#.# .# #.# ### .($ .#
#.###.## . .... . .#
#######.##.#.######.# .
.... . .#
#.....((.((((@g....# #.
..##.
.###.########.#.#####..#
#. ..... .#.....# ##.##
#..#... .......# ###
.###..#..## ...!...#
...[........ .......#
##.$...... .#.....##
#.....###.## .#####).#
###..###.# ># ##)##
#..#...##


You could see a goblin.

Vanquished Creatures
  A giant mite (D:1)
  A giant cockroach (D:1)
  2 goblins (D:1)
  8 hobgoblins (D:1)
  A bat (D:1)
  2 kobolds (D:1)
  2 rats (D:1)
17 creatures vanquished.

Notes
Turn   | Place    | Note
--------------------------------------------------------------
     0 | D:1      | Medar, the Mummy Enchanter, began the quest for the Orb.
     0 | D:1      | Reached XP level 1. HP: 13/13 MP: 3/3
   368 | D:1      | Reached skill level 3 in Hexes
   624 | D:1      | Reached XP level 2. HP: 13/19 MP: 2/4
   628 | D:1      | Learned a level 2 spell: Ensorcelled Hibernation
  1153 | D:1      | Reached skill level 1 in Ice Magic
  1383 | D:1      | Slain by a goblin

Action                   || total
-------------------------++-------
Melee: Dagger            ||    56
 Cast: Corona            ||    10
       Ensorcelled Hiber ||    11
 Stab: Sleeping          ||     8
